 Dungeon Crawl Stone Soup version 0.31.0-11-ge490571c62 (webtiles) character file.

Game seed: 5170043417858698984

1457914 Drazool the Petrodigitator (level 27, 198/198 HPs)
             Began as a Human Conjurer on Jan 28, 2024.
             Was a High Priest of Sif Muna.
             Escaped with the Orb
             ... and 3 runes on Jan 29, 2024!
             The game lasted 06:13:30 (92784 turns).

Drazool the Petrodigitator (Human Conjurer)        Turns: 92784, Time: 06:13:31

Health: 198/198    AC: 15    Str: 13    XL:     27
Magic:  46/46      EV: 16    Int: 36    God:    Sif Muna [*****.]
Gold:   5500       SH:  0    Dex: 13    Spells: 4/64 levels left

rFire   + + .        a - staff "Zurhoxto" {Stlth- Conj Hexes Fire Ice, !a}
rCold   + . .        s - orb {*channel}
rNeg    . . .        X - +3 leather armour {Will+}
rPois   +            m - +2 helmet {Int+3}
rElec   +            b - scarf of Divine Compulsion {rC+ rF+, rElec rPois Str+2}
rCorr   .            l - +2 pair of gloves
SInv    +            L - +1 pair of boots "Ivvamup" {Will+}
Will    ++++.        r - amulet of faith {!P}
Stlth   +            v - ring of see invisible
HPRegen 0.53/turn    H - ring "Sozotoege" {rF+ Str+3 Int+6 Slay+2}
MPRegen 0.30/turn

%: faith, channel magic (20%)
@: studying Short Blades
A: explore regen, talons 1, clumsy 1, dopey 1
0: Orb of Zot
}: 3/15 runes: barnacled, abyssal, gossamer
a: Renounce Religion, Channel Magic, Forget Spell, Divine Exegesis


You escaped.
You worshipped Sif Muna.
Sif Muna was extremely pleased with you.
You visited 10 branches of the dungeon, and saw 47 of its levels.
You visited the Abyss 2 times.
You visited 1 bazaar.
You also visited: Ossuary and Ice Cave.

You collected 8172 gold pieces.
You spent 2672 gold pieces at shops.


Innate Abilities, Weirdness & Mutations

You regain HP and MP as you explore.
You have sharp toenails.
You are clumsy. (Dex -2)
You are dopey. (Int -2)


   Skills:
 + Level 12.4 Fighting
 - Level 4.0(4.8) Maces & Flails
 - Level 4.0(4.8) Staves
 - Level 2.5 Throwing
 - Level 6.0 Armour
 - Level 10.8 Dodging
 - Level 4.0 Stealth
 - Level 19.0 Spellcasting
 + Level 19.7 Conjurations
 - Level 9.9 Hexes
 - Level 16.0 Summonings
 - Level 8.0 Translocations
 O Level 27 Earth Magic
 - Level 9.5 Alchemy
 - Level 12.0 Invocations
 - Level 3.0 Evocations


You had 4 spell levels left.
You knew the following spells:

 Your Spells              Type           Power      Damage    Failure   Level
c - Lehudib's Crystal Sp  Conj/Erth      70%        10d16     3%          8
d - Orb of Destruction    Conj           66%        9d16      2%          7
i - Iskenderun's Battles  Conj           100%       2d15      1%          5
l - Lee's Rapid Deconstr  Erth           61%        3d28*     1%          5
p - Spellforged Servitor  Conj/Summ      63%        N/A       4%          7
u - Passage of Golubria   Tloc           75%        N/A       3%          4
S - Shatter               Erth           61%        3d46*     8%          9
X - Iskenderun's Mystic   Conj/Tloc      100%       2d19      1%          4
Y - Yara's Violent Unrav  Hex/Alch       51%        3d20      3%          5
Z - Bombard               Conj/Erth      70%        9d11      1%          6

Your spell library contained the following spells:

 Spells                   Type           Power      Damage    Failure   Level
 Apportation              Tloc           100%       N/A       1%          1
 Foxfire                  Conj/Fire      100%       2x1d9     1%          1
 Kiss of Death            Conj/Necr      100%       2d13      1%          1
 Magic Dart               Conj           100%       1d8       1%          1
 Sandblast                Erth           100%       2d20      1%          1
 Shock                    Conj/Air       100%       1d9       1%          1
 Slow                     Hex            100%       N/A       1%          1
 Sting                    Conj/Alch      100%       1d9       1%          1
 Summon Small Mammal      Summ           100%       N/A       1%          1
 Blink                    Tloc           100%       N/A       1%          2
 Call Imp                 Summ           100%       N/A       1%          2
 Jinxbite                 Hex            100%       N/A       1%          2
 Lesser Beckoning         Tloc           100%       N/A       1%          2
 Momentum Strike          Conj/Tloc      100%       3d10      1%          2
 Searing Ray              Conj           100%       2d8       1%          2
 Static Discharge         Conj/Air       100%       3-8/arc   1%          2
 Call Canine Familiar     Summ           99%        N/A       1%          3
 Confusing Touch          Hex            100%       N/A       1%          3
 Dazzling Flash           Conj/Hex       100%       N/A       1%          3
 Gell's Gravitas          Tloc           75%        N/A       1%          3
 Hailstorm                Conj/Ice       100%       3d16      1%          3
 Mephitic Cloud           Conj/Alch/Air  100%       N/A       1%          3
 Passwall                 Erth           100%       N/A       1%          3
 Sigil of Binding         Hex            100%       N/A       1%          3
 Stone Arrow              Conj/Erth      100%       3d13      1%          3
 Summon Ice Beast         Ice/Summ       95%        N/A       1%          3
 Teleport Other           Tloc           75%        N/A       1%          3
 Tukima's Dance           Hex            100%       N/A       1%          3
 Animate Armour           Summ/Erth      100%       N/A       1%          4
 Brom's Barrelling Bould  Conj/Erth      100%       2d11      1%          4
 Fulminant Prism          Conj/Alch      59%        3d24      1%          4
 Leda's Liquefaction      Alch/Erth      52%        N/A       1%          4
 Petrify                  Alch/Erth      100%       N/A       1%          4
 Ensorcelled Hibernation  Hex/Ice        100%       N/A       2%          2
 Mercury Vapours          Alch/Air       100%       N/A       2%          2
 Cause Fear               Hex            51%        N/A       2%          4
 Dimensional Bullseye     Hex/Tloc       49%        N/A       2%          4
 Flame Wave               Conj/Fire      100%       2d21      2%          4
 Olgreb's Toxic Radiance  Alch           80%        N/A       2%          4
 Cigotuvi's Dreadful Rot  Necr/Alch/Air  100%       N/A       3%          2
 Inner Flame              Hex/Fire       100%       N/A       3%          3
 Manifold Assault         Tloc           75%        N/A       3%          4
 Martyr's Knell           Necr/Summ      75%        N/A       3%          4
 Summon Blazeheart Golem  Fire/Summ      95%        N/A       3%          4
 Summon Lightning Spire   Summ/Air       75%        N/A       3%          4
 Volatile Blastmotes      Fire/Tloc      100%       2d18      4%          3
 Freeze                   Ice            100%       1d10      5%          1
 Necrotise                Necr           100%       1d9       5%          1
 Scorch                   Fire           100%       2d9       7%          2
 Sublimation of Blood     Necr           34%        N/A       7%          2
 Anguish                  Hex/Necr       40%        N/A       7%          4
 Ignite Poison            Fire/Alch      80%        N/A       7%          4
 Sticky Flame             Fire/Alch      80%        2d12      7%          4
 Vhi's Electric Charge    Tloc/Air       100%       N/A       9%          4
 Frozen Ramparts          Ice            100%       1d16      11%         3
 Fugue of the Fallen      Necr           34%        N/A       11%         3
 Ozocubu's Armour         Ice            50%        N/A       11%         3
 Swiftness                Air            34%        N/A       11%         3
 Vampiric Draining        Necr           34%        2d8       11%         3
 Airstrike                Air            17%        2d(3-19)  26%         4
 Animate Dead             Necr           34%        N/A       26%         4
 Dispel Undead            Necr           34%        3d15      26%         4
 Borgnjor's Vile Clutch   Necr/Erth      46%        N/A       1%          5
 Irradiate                Conj/Alch      59%        3d31      1%          5
 Summon Mana Viper        Hex/Summ       100%       N/A       1%          5
 Summon Forest            Summ/Tloc      44%        N/A       2%          5
 Summon Cactus Giant      Summ           49%        N/A       2%          6
 Arcjolt                  Conj/Air       51%        1d61      3%          5
 Fireball                 Conj/Fire      63%        3d24      3%          5
 Alistair's Intoxication  Alch           53%        N/A       4%          5
 Monstrous Menagerie      Summ           49%        N/A       6%          7
 Summon Hydra             Summ           49%        N/A       6%          7
 Freezing Cloud           Conj/Ice/Air   55%        6-21      8%          5
 Conjure Ball Lightning   Conj/Air       51%        3x3d18    11%         6
 Starburst                Conj/Fire      63%        6d17      11%         6
 Eringya's Noxious Bog    Alch           40%        4d6       12%         6
 Metabolic Englaciation   Hex/Ice        51%        N/A       13%         5
 Silence                  Hex/Air        40%        N/A       13%         5
 Dispersal                Tloc           37%        N/A       17%         6
 Malign Gateway           Summ/Tloc      44%        N/A       19%         7
 Summon Horrible Things   Summ           49%        N/A       26%         8
 Enfeeble                 Hex            51%        N/A       34%         7
 Sculpt Simulacrum        Ice/Alch       40%        N/A       45%         6
 Curse of Agony           Necr           34%        N/A       52%         5
 Haunt                    Necr/Summ      37%        N/A       56%         7
 Discord                  Hex            51%        N/A       90%         8
 Death Channel            Necr           17%        N/A       95%         6
 Plasma Beam              Fire/Air       25%        2x1d37    95%         6
 Dragon's Call            Summ           49%        N/A       95%         9
 Disjunction              Tloc           37%        N/A       99%         8
 Borgnjor's Revivificati  Necr           17%        N/A       100%        8
 Ignition                 Fire           25%        3d8       100%        8
 Infestation              Necr           17%        N/A       100%        8
 Maxwell's Capacitive Co  Air            17%        ∞         100%        8
 Chain Lightning          Conj/Air       51%        3d68      100%        9
 Death's Door             Necr           17%        N/A       100%        9
 Fire Storm               Conj/Fire      63%        8d16      100%        9
 Polar Vortex             Ice            25%        12d3*     100%        9

Inventory:

Missiles
 I - 13 throwing nets {=f}
Armour
 b - the scarf of Divine Compulsion (worn) {rC+ rF+, rElec rPois Str+2}
   (You acquired it on level 3 of the Spider Nest)

   Str+2:     It affects your strength (+2).
   rElec:     It insulates you from electricity.
   rPois:     It protects you from poison
 l - a +2 pair of gloves (worn)
 m - a +2 helmet of intelligence (worn)
 s - an orb of energy (worn)
 L - the +1 pair of boots "Ivvamup" (worn) {Will+}
   (You found it on level 3 of the Elven Halls)

   Will+:     It increases your willpower.
 X - a +3 leather armour of willpower (worn)
Magical Staves
 a - the staff "Zurhoxto" (weapon) {Stlth- Conj Hexes Fire Ice, !a}
   (You acquired it on level 3 of the Dungeon)

   [staff of conjuration]

   Base accuracy: +5 Base damage: 5 Base attack delay: 1.2 This weapon's minimum
   attack delay (0.6) is reached at skill level 12.
   Stlth-:    It makes you less stealthy.
   Conj:      It increases the power of your Conjurations spells.
   Hexes:     It increases the power of your Hexes spells.
   Fire:      It increases the power of your Fire spells.
   Ice:       It increases the power of your Ice spells.
   It falls into the 'Staves' category.
   It is a one-handed weapon.
Jewellery
 r - an amulet of faith (around neck) {!P}
 v - a ring of see invisible (left hand)
 C - a ring of ice
 E - the ring of the Okapi {MP+9 AC+4}
   (You took it off a deep elf master archer on level 3 of the Elven Halls)

   [ring of protection]

   AC+4:      It affects your AC (+4).
   MP+9:      It affects your magic capacity (+9).
 H - the ring "Sozotoege" (right hand) {rF+ Str+3 Int+6 Slay+2}
   (You acquired it on level 3 of the Dungeon)

   [ring of intelligence]

   Str+3:     It affects your strength (+3).
   Int+6:     It affects your intelligence (+6).
   Slay+2:    It affects your accuracy & damage with ranged weapons and melee
   (+2).
   rF+:       It protects you from fire.
 P - a ring of poison resistance
 Q - the ring "Xyfobeyd" {rElec rF+ rC+ rN+}
   (You found it on level 5 of the Lair of Beasts)

   [ring of positive energy]

   rF+:       It protects you from fire.
   rC+:       It protects you from cold.
   rElec:     It insulates you from electricity.
   rN+:       It protects you from negative energy.
Wands
 u - a wand of flame (122)
 y - a wand of paralysis (60)
 J - a wand of roots (71)
 N - a wand of acid (34)
 S - a wand of digging (15)
 U - a wand of mindburst (18)
 Y - a wand of polymorph (14)
Scrolls
 d - 4 scrolls of brand weapon
 f - 6 scrolls of fear
 o - 9 scrolls of fog
 p - 6 scrolls of enchant weapon
 q - 5 scrolls of poison
 t - 2 scrolls of summoning
 D - 3 scrolls of teleportation {@r2}
 F - 2 scrolls of immolation
 K - 2 scrolls of blinking
 R - 6 scrolls of enchant armour
 T - 2 scrolls of revelation
 W - a scroll of amnesia
Potions
 e - 9 potions of might
 g - 6 potions of cancellation
 h - 10 potions of heal wounds {@q2}
 j - 7 potions of mutation
 k - 10 potions of enlightenment
 n - 2 potions of berserk rage {!q}
 w - 3 potions of attraction
 x - 20 potions of curing {@q1}
 A - 12 potions of brilliance
 B - 6 potions of lignification
 G - a potion of invisibility
 M - 2 potions of magic
 V - 6 potions of resistance
 Z - 5 potions of ambrosia
Miscellaneous
 c - a phantom mirror
 z - a box of beasts
 O - a condenser vane

Dungeon Overview and Level Annotations

Branches:
Dungeon (15/15)            Temple (1/1) D:4            Lair (5/5) D:8
 Shoals (4/4) Lair:2       Spider (4/4) Lair:3        Slime (0/5) Lair:5
    Orc (2/2) D:12            Elf (3/3) Orc:2        Vaults (4/5) D:13
  Crypt (0/3) Vaults:3     Depths (4/4) D:15            Zot (5/5) Depths:4
Ossuary (visited)           IceCv (visited)

Altars:
Ashenzari
Cheibriados
Dithmenos
Elyvilon
Fedhas
Gozag
Hepliaklqana
Kikubaaqudgha
Makhleb
Nemelex Xobeh
Okawaru
Qazlal
Ru
Sif Muna
Trog
Uskayaw
Vehumet
Wu Jian
Xom
Yredelemnul
Zin
The Shining One
Lugonu

Shops:
D:2 :   D:3 ?   D:4 *(*[   Orc:2 ?(*(   Elf:1 !   Elf:2 *   Shoals:3 *[
Shoals:4 ?=[:   Vaults:2 !   Zot:5 *   Depths:2 [

Portals:
Hell: Depths:1 Depths:2 Depths:3 Depths:4
Abyss: Depths:1 Depths:2 Depths:3 Depths:4
Pandemonium: Depths:2 Depths:3
Ziggurat: Depths:1

Annotations:
Shoals:3 1 runed translucent door, ironsdan's ghost, adept OpAl
Elf:2 6 runed translucent doors, Doblui's ghost, adept MiFi
Elf:3 1 runed translucent door, becking's ghost, veteran MiFi
Vaults:3 2 transporters, mantisjm's ghost, veteran HOFi
Zot:3 1 transporter

.#.###..#######.##.#
.##.#.#.........##.#
.###.##..######.##.#### .#
####..# #.##....#
.######..######.##.##.##
....[.).[....#######...#
.#####.>..##########...# ##
#.................#
#....#.###.@.''.>.# ###.....##
#...##...#
#........###+####...#####
####.#.#####.##.#####+###..###
.....#.#
#.##.##.....##....####
######.#
#.##.##..⌠..'........#
#.#####.##.##.....#.........
#.......##.##..8..#.#.#^##.#
#.#####.##.##.....#.#.#.##..


There were no monsters in sight!


Message History

Magical energy flows into your mind!
You feel a surge of power!
The iron shot hits the Orb Guardian!!!
You kill the Orb Guardian!
Sif Muna accepts your kill.
There is a stone staircase leading up here.
You climb upwards.
There is a stone staircase leading down here.
There is a stone staircase leading up, spattered with blood here.
You climb upwards.
There is a stone staircase leading down here.
There is a stone staircase leading up here.
You climb upwards.
There is a stone staircase leading down here.
Magic restored.
A goblin comes into view. It is wielding a +0 club.
The goblin shouts!
The goblin unwields a +0 club.
The goblin wields a +0 sling.
The goblin shoots a sling bullet.
The sling bullet misses you.
You can't see any susceptible monsters within range! (Use Z to cast anyway.)
The goblin shoots a sling bullet.
The sling bullet completely misses you.
There is a stone staircase leading up here.
You climb upwards.
There is a stone staircase leading down here.
Aiming: Dig
Press: ? - help, Shift-Dir - straight line A rock wall.
This square is covered in magical glow.
The rock shatters into small pieces.
There is a staircase leading out of the dungeon here.
You have escaped!

Skill      XL: |  1  2  3  4  5  6  7  8  9 10 11 12 13 14 15 16 17 18 19 20 21 22 23 24 25 26 27 |
---------------+----------------------------------------------------------------------------------+-----
Conjurations   | 5 7 9 10 11 14 15 16 17 19 | 19.7
Spellcasting   | 3 4 5 7 9 11 12 14 15 16 17 19 | 19.0
Translocations | 2 5 6 8 |  8.0
Fighting       | 3 4 5 7 9 11 12 | 12.4
Invocations    | 4 6 7 8 11 12 | 12.0
Alchemy        | 1 4 6 9 |  9.5
Dodging        | 5 7 8 9 10 | 10.8
Stealth        | 4 |  4.0
Hexes          | 5 8 9 |  9.9
Evocations     | 3 |  3.0
Staves         | 4 |  4.0
Armour         | 3 4 6 |  6.0
Throwing       | 2 |  2.5
Earth Magic    | 8 10 14 17 18 21 24 26 27 | 27.0
Maces & Flails | 4 |  4.0
Summonings     | 7 14 15 16 | 16.0

Action                     |  1- 3 |  4- 6 |  7- 9 | 10-12 | 13-15 | 16-18 | 19-21 | 22-24 | 25-27 || total
---------------------------+-------+-------+-------+-------+-------+-------+-------+-------+-------++-------
  Melee: Unarmed           |     6 |       |       |       |       |       |       |       |       ||     6
         War axe           |     6 |     3 |       |       |       |       |       |       |       ||     9
         Punch             |     1 |       |       |       |       |       |       |       |       ||     1
         Staff             |       |       |    13 |    10 |    16 |    23 |     3 |     2 |     3 ||    70
   Cast: Magic Dart        |    38 |    70 |    55 |    10 |    46 |     5 |       |       |       ||   224
         Searing Ray       |    11 |    25 |    36 |    28 |    26 |     2 |       |       |       ||   128
         Fulminant Prism   |       |       |    29 |   114 |   312 |    77 |     1 |     1 |       ||   534
         Iskenderun's Myst |       |       |     8 |    79 |   148 |   111 |    17 |    13 |     3 ||   379
         Yara's Violent Un |       |       |       |       |    11 |     9 |    54 |    38 |    21 ||   133
         Bombard           |       |       |       |       |       |   292 |   360 |   373 |   254 ||  1279
         Orb of Destructio |       |       |       |       |       |   174 |   127 |    86 |    38 ||   425
         Spellforged Servi |       |       |       |       |       |       |    47 |   117 |   109 ||   273
         Lee's Rapid Decon |       |       |       |       |       |       |     8 |    35 |    51 ||    94
         Lehudib's Crystal |       |       |       |       |       |       |       |    26 |    61 ||    87
         Shatter           |       |       |       |       |       |       |       |       |    15 ||    15
 Invoke: Channel Magic     |       |       |     2 |     9 |    11 |    25 |    15 |    17 |    23 ||   102
  Evoke: Condenser vane    |       |       |       |       |     2 |       |       |       |       ||     2
         Wand              |       |       |       |       |       |     4 |     2 |       |     6 ||    12
    Use: Scroll            |       |     8 |     7 |     6 |    13 |    10 |     4 |     5 |    10 ||    63
         Potion            |       |       |       |       |       |    12 |     1 |       |     9 ||    22
 Armour: Robe              |     9 |    17 |    26 |    23 |       |       |       |       |       ||    75
         Troll leather arm |       |       |       |    55 |   203 |   161 |       |       |       ||   419
         Leather armour    |       |       |       |       |       |    66 |   161 |   177 |   218 ||   622
  Dodge: Dodged            |    15 |    14 |    27 |    59 |   157 |   138 |   106 |   103 |   114 ||   733

Levels and vault maps discovered:
D:1:      dpeg_arrival_simpleton_b, layout_loops_ring,
          ebering_ecumenical_altar_webs
D:2:      layout_rooms, serial_shops, nicolae_diamond_shop, uniq_natasha,
          uniq_terence, uniq_robin
D:3:      layout_basic, mainiacjoe_overflow_brackets, serial_shops,
          nicolae_shop_rolled_up
D:4:      layout_basic, chequers_temple_overflow_statue_of_worship,
          minmay_temple_entry_purple_smoke, serial_shops, shop,
          nicolae_shop_crystal, nicolae_shop_temple_entry_statues_fountains,
          shop, ebering_ghost_gozag
D:5:      layout_basic, lemuel_coloured_pillars_altar, enter_ossuary_1
D:6:      layout_rooms
D:7:      layout_cave_pods, hangedman_decor_growths,
          nicolae_elevator_lobby_plus, uniq_maurice
D:8:      layout_loops_ring, lair_entry_dummy, dreamdust_princess_bridge,
          uniq_grum, uniq_maggie, uniq_jeremiah
D:9:      layout_cross, serial_glass, glass_columns_a, glass_columns_b,
          item_on_display_a, item_on_display_a, hangedman_abyss_or_decor_stabs
D:10:     layout_basic, led_xom_imps, uniq_lodul, uniq_josephine
D:11:     layout_gridville
D:12:     layout_layer_cave, orc_0_dummy, hangedman_feature_mirror,
          kennysheep_flooded_box, uniq_fannar
D:13:     layout_small_grid, erik_vaults_2
D:14:     layout_rooms, pdpol_wu_jian_five_deadly_venoms,
          chequers_serial_rivers_micro_e, uniq_snorg, uniq_roxanne, uniq_nessos
D:15:     grunt_enter_depths_snipers, layout_gridville, good_gods_temple_1,
          minmay_door_square
Temple:   nicolae_temple_bog_church
Lair:1:   layout_small_grid, chequers_serial_rivers_large_a, lemuel_fruit_tree,
          uniq_joseph
Lair:2:   layout_regular_city, elwin_shoals_entry_rocks, grunt_megastairs_3
Lair:3:   layout_small_grid, spider_nest_entry_funnel_web, beast_lair_carwin_9,
          grunt_megastairs_1
Lair:4:   layout_layer_cave, portal_ice_cave_entry_pillars_2
Lair:5:   gammafunk_lair_ancient_temple, layout_gridlike,
          dpeg_slime_entry_enclosed, serial_bayou_shore_b
Shoals:1: layout_shoals, serial_shops, statue_bzr
Shoals:2: layout_shoals, uniq_nikola, uniq_donald
Shoals:3: layout_shoals, ebering_ghost_xom, serial_shops,
          nicolae_shop_tiny_glass, nicolae_shop_tiny_waterfront
Shoals:4: shoals_end_hangedman, layout_shoals, serial_shops, shop,
          nicolae_shop_crystal, nicolae_shop_getting_attention,
          nicolae_diamond_shop
Spider:1: layout_chambers
Spider:2: layout_spider_delve
Spider:3: layout_chambers
Spider:4: grunt_spider_rune_parallel
Orc:1:    layout_diamond_mine, led_sif_book, uniq_harold
Orc:2:    st_orc_rangers, layout_caves, uniq_azrael
Elf:1:    layout_geoelf_octagon, serial_shops, shop, hangedman_elf_represent,
          uniq_louise
Elf:2:    nicolae_elf_blades_crystal_corner, layout_geoelf_diagonals,
          gammafunk_ghost_tricky_traps, nicolae_shop_clearance
Elf:3:    minmay_elf_hall_furrowed, layout_gridlike, ebering_ghost_inner_flame,
          nicolae_elf_shapeshifter_party, grunt_megastairs_2, uniq_bai_suzhen
Vaults:1: nicolae_vaults_diagonal_hallway_7, dpeg_vaults_monster_row,
          hangedman_vaults_river_flow, nicolae_vaults_closet_pinwheel_1,
          v_misc_26, nicolae_vaults_corridor_and_loot_room,
          ontoclasm_vaults_loading_screen, nicolae_vaults_house_2,
          nicolae_vaults_shelves_hall, nicolae_vaults_tetromino_T_2,
          ontoclasm_vaults_chip, nicolae_vaults_little_squares_6,
          layout_vaults_big_room
Vaults:2: nicolae_vaults_tetromino_T_2, nicolae_vaults_circle_grid_b,
          v_pattern_5, nicolae_vaults_weapon_check,
          nicolae_vaults_hallways_thing, vaults_dpeg_cross,
          ontoclasm_vaults_loading_screen, st_octagons_1,
          layout_vaults_omnigrid, serial_shops, shop
Vaults:3: gammafunk_ghost_wrathful_warriors, v_misc_18,
          minmay_crypt_entry_vampire_xt, nicolae_vaults_stairing_the_circle,
          vaults_mumra_hexcomb, nicolae_vaults_circle_grid_b, v_misc_22,
          v_misc_9, vaults_mumra_chevron_long, v_misc_31,
          nicolae_vaults_apartment_2, ontoclasm_vaults_tryst,
          nicolae_vaults_gold_heap, dpeg_vaults_monster_box,
          nicolae_vaults_little_squares_3, ontoclasm_vaults_ligature,
          nicolae_vaults_tetromino_Z_2, layout_vaults_ring
Vaults:4: hangedman_vaults_locks, nicolae_vaults_puzzle_piece,
          nicolae_vaults_little_ls, v_misc_18,
          nicolae_vaults_little_guard_posts, hangedman_vaults_maws,
          nicolae_vaults_ring_of_whatevers, nicolae_vaults_closet_pinwheel_2,
          vaults_room_pool, nicolae_vaults_tetromino_T_1, vaults_room_door_ring,
          vaults_dpeg_doors, nicolae_vaults_house_1, layout_vaults_omnicross,
          uniq_boris
Depths:1: layout_honeycomb, enter_ziggurat_b, abyss_entry, nicolae_water_bricks,
          pf_hell_entry_tar_spiral, minmay_hollow_rounded_squares
Depths:2: minmay_imperfect_grid, layout_basic, grunt_hell_entry_dis_grunt,
          abyss_entry, pan_entry, serial_shops, shop
Depths:3: minmay_slanted_spiral_squares, layout_gridlike, pan_entry,
          lightli_too_deep, abyss_entry_flame_altar,
          minmay_misc_feat_four_crosses, minmay_misc_feat_room,
          hangedman_glass_teeth, hangedman_abyss_or_decor_stagger
Depths:4: grunt_zot_entry_tricorne, layout_gridlike, abyss_entry,
          pf_dread_powers_of_hell, serial_library_hellmonk_open_cross
Zot:1:    layout_gridlike, uniq_grunn
Zot:2:    layout_misc_corridors, regret_index_zotdec_iron_s,
          regret_index_zotdec_tunneler
Zot:3:    layout_basic, hangedman_zot_decor_unnerving_road, st_stairs_8,
          regret_index_zotdec_ex, nicolae_diode_basic
Zot:4:    layout_misc_corridors, regret_index_zotdec_onion_hex
Zot:5:    layout_concentric_octagons, nicolae_transmutations_shop

Notes
Turn   | Place    | Note
-------+----------+-------------------------------------------
     0 | D:1      | Drazool the Human Conjurer began the quest for the Orb.
     0 | D:1      | Reached XP level 1. HP: 13/13 MP: 3/3
   365 | D:1      | Reached XP level 2. HP: 19/19 MP: 0/5
   427 | D:1      | Found a faded altar of an unknown god.
   466 | D:1      | Learned a level 2 spell: Searing Ray
   808 | D:1      | Reached XP level 3. HP: 24/24 MP: 1/6
  1037 | D:1      | Reached skill level 5 in Conjurations
  1494 | D:2      | Noticed Robin
  1568 | D:1      | Killed Robin
  1569 | D:1      | Reached XP level 4. HP: 29/30 MP: 2/8
  1632 | D:2      | Reached skill level 3 in Spellcasting
  1881 | D:2      | Noticed Terence
  1895 | D:2      | Killed Terence
  1980 | D:2      | Noticed Natasha
  1984 | D:2      | Killed Natasha
  1985 | D:2      | Reached XP level 5. HP: 28/35 MP: 5/10
  1988 | D:2      | Reached skill level 4 in Spellcasting
  1993 | D:2      | Learned a level 4 spell: Iskenderun's Mystic Blast
  2044 | D:2      | Noticed Natasha
  2050 | D:2      | Killed Natasha
  2051 | D:2      | Reached skill level 1 in Translocations
  2256 | D:2      | Noticed Natasha
  2262 | D:2      | Killed Natasha
  2263 | D:2      | Reached skill level 2 in Translocations
  2328 | D:2      | Found Hukysm's Book Shop.
  2460 | D:2      | Reached XP level 6. HP: 41/41 MP: 6/12
  2555 | D:2      | Reached skill level 3 in Translocations
  2818 | D:3      | Found a radiant altar of Vehumet.
  3189 | D:3      | Found Keniaps's Magic Scroll Boutique.
  3192 | D:3      | Bought a scroll of identify for 28 gold pieces
  3192 | D:3      | Identified 2 scrolls of acquirement
  3195 | D:3      | Acquired the staff "Zurhoxto" {Stlth- Conj Hexes Fire Ice}
  3198 | D:3      | Acquired 614 gold pieces
  3771 | D:3      | Reached skill level 4 in Translocations
  4085 | D:4      | Found a snail-covered altar of Cheibriados.
  4086 | D:4      | Found a shadowy altar of Dithmenos.
  4088 | D:4      | Found a basalt altar of Yredelemnul.
  4088 | D:4      | Found a glowing golden altar of the Shining One.
  4131 | D:4      | Found Pelixarr's Antique Armour Shop.
  4140 | D:4      | Bought a pair of bloodstained boots for 180 gold pieces
  4140 | D:4      | Identified the +2 pair of boots "Bosozag" {rC- Str+3 Int-5
                  | Dex+6} (You bought it in a shop on level 4 of the Dungeon)
  4159 | D:4      | Found Lub Wom's General Store.
  4174 | D:4      | Bought a scroll of identify for 28 gold pieces
  4268 | D:4      | Reached skill level 5 in Translocations
  4268 | D:4      | Reached XP level 7. HP: 36/46 MP: 5/13
  4408 | D:4      | Found Buit's Antique Weapon Emporium.
  4557 | D:4      | Found Pycze's Assorted Antiques.
  4664 | D:4      | Reached skill level 6 in Conjurations
  4741 | D:4      | Found a staircase to the Ecumenical Temple.
  4751 | D:4      | Found a runed translucent gate.
  4751 | D:4      | Found a runed translucent gate.
  4751 | D:4      | Found a runed translucent gate.
  4756 | Temple   | Entered the Ecumenical Temple
  4768 | Temple   | Became a worshipper of Sif Muna the Loreminder
  4784 | D:4      | Found an opulent altar of Gozag.
  4785 | D:4      | Noticed pigah's ghost (weakling OpSh)
  4986 | D:5      | Entered Level 5 of the Dungeon
  5196 | D:5      | Found a sand-covered staircase.
  5209 | Ossuary  | Entered an ossuary
  5862 | D:5      | Reached skill level 7 in Conjurations
  5862 | D:5      | Reached XP level 8. HP: 52/52 MP: 8/14
  6211 | D:3      | Bought a scroll of acquirement for 728 gold pieces
  6211 | D:3      | Bought a scroll of identify for 28 gold pieces
  6211 | D:3      | Acquired the ring "Sozotoege" {rF+ Str+3 Int+6 Slay+2}
  6411 | D:5      | Found a sparkling altar of Nemelex Xobeh.
  6568 | D:6      | Reached skill level 5 in Spellcasting
  6774 | D:6      | Reached * piety under Sif Muna
  6775 | D:6      | Reached skill level 6 in Translocations
  6775 | D:6      | Reached skill level 1 in Fighting
  6780 | D:6      | Learned a level 4 spell: Fulminant Prism
  6826 | D:6      | Reached skill level 2 in Fighting
  6914 | D:6      | Reached skill level 3 in Fighting
  6914 | D:6      | Reached skill level 1 in Invocations
  6949 | D:6      | Reached skill level 2 in Invocations
  6959 | D:6      | Reached skill level 3 in Invocations
  6981 | D:6      | Reached skill level 4 in Invocations
  6981 | D:6      | Reached skill level 1 in Alchemy
  6981 | D:6      | Reached XP level 9. HP: 63/63 MP: 9/16
  7338 | D:7      | Identified the +4 falchion of the Shining Light {venom,
                  | rN++ Int-2 Dex+5}
  7360 | D:7      | Reached skill level 2 in Alchemy
  7681 | D:7      | Reached skill level 3 in Alchemy
  7763 | D:7      | Noticed Maurice
  7781 | D:7      | Paralysed by Maurice for 3 turns
  7796 | D:7      | Killed Maurice
  7797 | D:7      | Reached skill level 4 in Alchemy
  7797 | D:7      | Reached skill level 6 in Spellcasting
  8218 | D:7      | Reached ** piety under Sif Muna
  8683 | D:8      | Noticed Grum
  8687 | D:8      | Reached skill level 7 in Spellcasting
  8691 | D:8      | Reached skill level 5 in Invocations
  8703 | D:8      | Killed Grum
  8900 | D:8      | Identified a +0 robe of resistance
  8900 | D:8      | Noticed Jeremiah
  8918 | D:8      | Killed Jeremiah
  8919 | D:8      | Reached skill level 6 in Invocations
  8919 | D:8      | Reached XP level 10. HP: 57/70 MP: 10/20
  9054 | D:8      | Reached skill level 7 in Invocations
  9069 | D:8      | Reached skill level 3 in Dodging
  9213 | D:8      | Found a staircase to the Lair.
  9576 | D:8      | Noticed Maggie
  9586 | D:8      | Killed Maggie
  9587 | D:8      | Reached skill level 4 in Dodging
  9925 | D:9      | Reached skill level 5 in Dodging
 10044 | D:9      | Reached skill level 3 in Stealth
 10236 | D:9      | Reached skill level 4 in Stealth
 10290 | D:9      | Reached skill level 4 in Fighting
 10399 | D:9      | Learned a level 5 spell: Yara's Violent Unravelling
 10598 | D:10     | Entered Level 10 of the Dungeon
 10610 | D:10     | Reached skill level 1 in Hexes
 10611 | D:10     | Reached skill level 2 in Hexes
 10621 | D:9      | Reached skill level 3 in Hexes
 10734 | D:10     | Reached skill level 4 in Hexes
 10948 | D:10     | Reached *** piety under Sif Muna
 10970 | D:10     | Reached skill level 5 in Hexes
 11141 | D:10     | Found a shimmering altar of Xom.
 11160 | D:10     | Noticed Lodul
 11390 | D:10     | Noticed a gargoyle
 11390 | D:10     | Noticed Josephine
 11399 | D:9      | Reached XP level 11. HP: 71/77 MP: 9/21
 11594 | D:9      | Reached skill level 6 in Hexes
 11806 | D:10     | Reached skill level 5 in Alchemy
 11944 | Lair:1   | Entered Level 1 of the Lair of Beasts
 11971 | Lair:1   | Noticed a five-headed hydra
 11977 | Lair:1   | Killed a five-headed hydra
 11978 | Lair:1   | Reached skill level 6 in Alchemy
 11978 | Lair:1   | Reached skill level 2 in Evocations
 11992 | Lair:1   | Reached skill level 3 in Evocations
 12087 | Lair:1   | Noticed a catoblepas
 12141 | Lair:1   | Killed a catoblepas
 12142 | Lair:1   | Reached skill level 7 in Hexes
 12268 | Lair:1   | Reached skill level 8 in Hexes
 12270 | Lair:1   | Reached skill level 1 in Staves
 12271 | Lair:1   | Reached skill level 2 in Staves
 12451 | Lair:1   | Reached skill level 3 in Staves
 12530 | Lair:1   | Reached skill level 4 in Staves
 12533 | Lair:1   | Reached skill level 1 in Armour
 12612 | Lair:1   | Learned a level 5 spell: Iskenderun's Battlesphere
 12645 | Lair:1   | Noticed Joseph
 12656 | Lair:1   | Reached skill level 2 in Armour
 12661 | Lair:1   | Reached skill level 3 in Armour
 12661 | Lair:1   | Reached XP level 12. HP: 83/83 MP: 7/22
 12667 | Lair:1   | Reached skill level 4 in Armour
 12721 | Lair:1   | Killed Joseph
 13284 | Lair:2   | Reached skill level 8 in Invocations
 13513 | Lair:2   | Reached **** piety under Sif Muna
 13594 | Lair:2   | Noticed an eight-headed hydra
 13600 | Lair:2   | Killed an eight-headed hydra
 13613 | Lair:2   | Reached skill level 8 in Spellcasting
 13808 | Lair:2   | Noticed a seven-headed hydra
 13814 | Lair:2   | Killed a seven-headed hydra
 13830 | Lair:2   | Noticed a six-headed hydra
 13857 | Lair:2   | Killed a six-headed hydra
 13858 | Lair:2   | Reached skill level 9 in Spellcasting
 14028 | Lair:2   | Found a staircase to the Shoals.
 14613 | Lair:3   | Reached skill level 8 in Conjurations
 14801 | Lair:3   | Reached skill level 9 in Conjurations
 14923 | Lair:2   | Reached skill level 6 in Dodging
 15054 | Lair:3   | Noticed a skyshark
 15068 | Lair:2   | Killed a skyshark
 15142 | Lair:3   | Reached skill level 7 in Dodging
 15142 | Lair:3   | Reached XP level 13. HP: 88/88 MP: 11/26
 15426 | Lair:3   | Reached skill level 10 in Conjurations
 15505 | Lair:3   | Found a hole to the Spider Nest.
 16155 | Lair:4   | Found a frozen archway.
 16162 | IceCv    | Entered an ice cave
 16186 | IceCv    | Reached skill level 5 in Fighting
 16195 | IceCv    | Reached ***** piety under Sif Muna
 16595 | IceCv    | Noticed a reaper
 16611 | IceCv    | Killed a reaper
 16612 | IceCv    | Reached skill level 10 in Spellcasting
 17793 | Lair:4   | Received a gift from Sif Muna
 17794 | Lair:4   | Got Sif Muna's Precepts of the Disjunct Bonfire {god gift}
 17807 | Lair:4   | Reached skill level 11 in Spellcasting
 18604 | Lair:5   | Entered Level 5 of the Lair of Beasts
 18637 | Lair:5   | Reached skill level 7 in Translocations
 18673 | Lair:5   | Reached skill level 8 in Translocations
 18962 | Lair:5   | Reached skill level 8 in Dodging
 18963 | Lair:5   | Reached XP level 14. HP: 98/98 MP: 6/29
 18976 | Lair:5   | Reached skill level 9 in Dodging
 19216 | Lair:5   | Found a staircase to the Slime Pits.
 19334 | Lair:5   | Reached skill level 6 in Fighting
 19558 | Lair:5   | Reached skill level 7 in Fighting
 19783 | Lair:5   | Identified the ring "Xyfobeyd" {rElec rF+ rC+ rN+}
 19785 | Lair:5   | Identified the +6 trident "Killer Bee's Death" {flame, rF+}
 19786 | Lair:5   | Identified the staff of Inflation {rPois Dex+3 Alchemy}
 19820 | Lair:5   | Acquired the Discourse on Congregated Conflict
 20035 | Lair:5   | Reached skill level 7 in Alchemy
 20057 | Lair:5   | Reached skill level 8 in Alchemy
 20735 | D:10     | Killed Lodul
 20847 | D:10     | Killed Josephine
 20848 | D:10     | Reached skill level 9 in Alchemy
 21274 | D:10     | Identified the +7 quarterstaff of Calamity {vamp, Dex+5}
 21691 | D:11     | Learned a level 7 spell: Orb of Destruction
 22066 | D:11     | Reached skill level 11 in Conjurations
 22296 | D:12     | Received a gift from Sif Muna
 22297 | D:12     | Got Sif Muna's Octavo of Transfiguration {god gift}
 22301 | D:12     | Reached XP level 15. HP: 108/108 MP: 7/30
 22301 | D:12     | Noticed Fannar
 22481 | D:12     | Killed Fannar
 22731 | D:12     | Reached skill level 12 in Conjurations
 22945 | D:12     | Found a hide-covered altar of Uskayaw.
 23017 | D:12     | Found a sparkling altar of Nemelex Xobeh.
 23057 | D:12     | Found a staircase to the Orcish Mines.
 23423 | Orc:1    | Entered Level 1 of the Orcish Mines
 23427 | Orc:1    | Noticed Harold
 23452 | Orc:1    | Killed Harold
 23871 | Orc:2    | Entered Level 2 of the Orcish Mines
 23880 | Orc:2    | Reached skill level 12 in Spellcasting
 24599 | Orc:2    | Reached skill level 8 in Fighting
 24839 | Orc:2    | Received a gift from Sif Muna
 24840 | Orc:2    | Got Sif Muna's Tome of Elliptic Last Rites {god gift}
 24921 | Orc:2    | Noticed an orc warlord
 24930 | Orc:2    | Killed an orc warlord
 24931 | Orc:2    | Reached skill level 9 in Fighting
 25152 | Orc:2    | Found Etoovaoh's General Store.
 25152 | Orc:2    | Found Cuatioz's Antique Weapon Shop.
 25154 | Orc:2    | Found Pyimpoipn's Magic Scroll Boutique.
 25156 | Orc:2    | Found Elagh's Weapon Emporium.
 25160 | Orc:2    | Bought a scroll of identify for 30 gold pieces
 25160 | Orc:2    | Bought a scroll of identify for 30 gold pieces
 25165 | Orc:2    | Bought a scroll of identify for 28 gold pieces
 25165 | Orc:2    | Identified 2 potions of resistance
 25248 | Orc:2    | Noticed Azrael
 25260 | Orc:2    | Killed Azrael
 25503 | Orc:2    | Found a staircase to the Elven Halls.
 26485 | D:13     | Reached skill level 13 in Conjurations
 27087 | D:13     | Found a gate to the Vaults.
 27370 | D:14     | Noticed Roxanne
 27388 | D:14     | Reached skill level 14 in Conjurations
 27388 | D:14     | Reached XP level 16. HP: 120/120 MP: 20/32
 27390 | D:14     | Received a gift from Sif Muna
 27393 | D:14     | Noticed Nessos
 27399 | D:14     | Reached skill level 1 in Throwing
 27415 | D:14     | Killed Nessos
 27416 | D:14     | Reached skill level 2 in Throwing
 27822 | D:14     | Found an ornate altar of the Wu Jian Council.
 27934 | D:14     | Noticed Snorg
 27953 | D:14     | Killed Snorg
 28136 | D:14     | Learned a level 6 spell: Bombard
 28264 | D:14     | Killed Roxanne
 28265 | D:14     | Reached skill level 15 in Conjurations
 28265 | D:14     | Reached skill level 1 in Earth Magic
 28363 | D:15     | Entered Level 15 of the Dungeon
 28584 | D:15     | Reached skill level 2 in Earth Magic
 28612 | D:15     | Found a glowing silver altar of Zin.
 28615 | D:15     | Found a glowing golden altar of the Shining One.
 28616 | D:15     | Found a white marble altar of Elyvilon.
 28767 | D:15     | Reached skill level 3 in Earth Magic
 28790 | D:15     | Paralysed by an ogre mage for 5 turns
 28806 | D:15     | Reached skill level 4 in Earth Magic
 29000 | D:15     | Reached skill level 5 in Earth Magic
 29354 | D:15     | Reached skill level 6 in Earth Magic
 29418 | D:15     | Found a staircase to the Depths.
 29629 | D:15     | Received a gift from Sif Muna
 29630 | D:15     | Got Sif Muna's Tractate on the Gaseous Jaunt {god gift}
 30122 | Spider:1 | Entered Level 1 of the Spider Nest
 30609 | Spider:1 | Reached skill level 7 in Earth Magic
 31012 | Spider:1 | Reached skill level 8 in Earth Magic
 32821 | Spider:2 | Reached XP level 17. HP: 125/125 MP: 26/33
 32934 | Spider:2 | Reached skill level 13 in Spellcasting
 33885 | Spider:2 | Reached skill level 14 in Spellcasting
 34172 | Spider:2 | Reached skill level 9 in Earth Magic
 34967 | Spider:3 | Received a gift from Sif Muna
 34970 | Spider:3 | Got Sif Muna's Codex of the Star-crossed Inferno {god gift}
 35126 | Spider:3 | Identified the +0 plate armour of Space {rN+ Regen+}
 35315 | Spider:3 | Reached skill level 10 in Earth Magic
 35888 | Spider:3 | Reached skill level 9 in Invocations
 35991 | Spider:3 | Acquired the scarf of Divine Compulsion {rC+ rF+, rElec
                  | rPois Str+2}
 36527 | Spider:3 | Reached skill level 10 in Invocations
 36971 | Spider:4 | Entered Level 4 of the Spider Nest
 37559 | Spider:4 | Reached skill level 11 in Invocations
 37981 | Spider:4 | Received a gift from Sif Muna
 38177 | Spider:4 | Reached XP level 18. HP: 132/132 MP: 18/36
 38267 | Spider:4 | Reached skill level 12 in Invocations
 38338 | Spider:4 | Reached skill level 1 in Maces & Flails
 38593 | Spider:4 | Reached skill level 2 in Maces & Flails
 38636 | Spider:4 | Reached skill level 3 in Maces & Flails
 38847 | Spider:4 | Identified the +1 pair of gloves "Bidub" {Stlth+}
 38850 | Spider:4 | Got a gossamer rune of Zot
 39327 | D:4      | Bought a glowing hat for 133 gold pieces
 39492 | Shoals:1 | Entered Level 1 of the Shoals
 39647 | Shoals:1 | Reached skill level 4 in Maces & Flails
 39767 | Shoals:1 | Reached skill level 10 in Fighting
 40530 | Shoals:1 | Found a gateway to a bazaar.
 40541 | Bazaar   | Entered a bazaar
 40555 | Bazaar   | Found Puupumag's Magic Scroll Emporium.
 40560 | Bazaar   | Bought a scroll of enchant armour for 90 gold pieces
 40560 | Bazaar   | Bought a scroll of teleportation for 36 gold pieces
 40560 | Bazaar   | Bought a scroll of teleportation for 36 gold pieces
 40570 | Bazaar   | Found Eseum's Weapon Emporium.
 40585 | Bazaar   | Found Duafoeni's Weapon Shoppe.
 40647 | Bazaar   | Bought a scroll of revelation for 90 gold pieces
 41313 | Shoals:2 | Reached skill level 11 in Fighting
 41655 | Shoals:2 | Noticed Donald
 41661 | Shoals:2 | Killed Donald
 41662 | Shoals:2 | Reached skill level 5 in Armour
 41951 | Shoals:2 | Reached skill level 6 in Armour
 42261 | Shoals:2 | Noticed Nikola
 42268 | Shoals:2 | Killed Nikola
 42461 | Shoals:3 | Found Keroip's Armour Shoppe.
 43071 | Shoals:3 | Received a gift from Sif Muna
 43072 | Shoals:3 | Got Sif Muna's Commentary on Overcast Percussion {god gift}
 43510 | Shoals:3 | Found Huicvide's General Store.
 43609 | Shoals:3 | Found a runed translucent door.
 43609 | Shoals:3 | Found a shimmering altar of Xom.
 43609 | Shoals:3 | Noticed ironsdan's ghost (adept OpAl)
 43841 | Shoals:4 | Entered Level 4 of the Shoals
 43853 | Shoals:4 | Reached skill level 16 in Conjurations
 44208 | Shoals:4 | Found Idghairu's Jewellery Emporium.
 44208 | Shoals:4 | Found Jokkol's Book Boutique.
 44334 | Shoals:4 | Found Jyilul's Armour Boutique.
 45496 | Shoals:4 | Reached XP level 19. HP: 143/143 MP: 7/37
 45890 | Shoals:4 | Found Fiumeezo's Magic Scroll Emporium.
 46024 | Shoals:4 | Reached skill level 17 in Conjurations
 46190 | Shoals:4 | Got a barnacled rune of Zot
 46858 | D:4      | Bought a scroll of blinking for 202 gold pieces
 47104 | Elf:1    | Entered Level 1 of the Elven Halls
 47163 | Elf:1    | Received a gift from Sif Muna
 47165 | Elf:1    | Got Sif Muna's Lectures on the Union and the Autopsy {god
                  | gift}
 47522 | Elf:1    | Found Weulejom's Distillery.
 47772 | Elf:1    | Noticed Louise
 47910 | Elf:1    | Killed Louise
 48056 | Elf:1    | Reached skill level 15 in Spellcasting
 48272 | Elf:1    | Found a huge runed translucent gate.
 48272 | Elf:1    | Found a huge runed translucent gate.
 48272 | Elf:1    | Found a huge runed translucent gate.
 48272 | Elf:1    | Found a huge runed translucent gate.
 48273 | Elf:1    | Found a huge runed translucent gate.
 48273 | Elf:1    | Found a huge runed translucent gate.
 48273 | Elf:1    | Found a huge runed translucent gate.
 48273 | Elf:1    | Found a huge runed translucent gate.
 48273 | Elf:1    | Found a huge runed translucent gate.
 48273 | Elf:1    | Found a huge runed translucent gate.
 48273 | Elf:1    | Found a huge runed translucent gate.
 48274 | Elf:1    | Found a huge runed translucent gate.
 48274 | Elf:1    | Found a huge runed translucent gate.
 48274 | Elf:1    | Found a huge runed translucent gate.
 48274 | Elf:1    | Found a huge runed translucent gate.
 48274 | Elf:1    | Found a huge runed translucent gate.
 48274 | Elf:1    | Found a huge runed translucent gate.
 48274 | Elf:1    | Found a huge runed translucent gate.
 48274 | Elf:1    | Found a huge runed translucent gate.
 48274 | Elf:1    | Found a huge runed translucent gate.
 48839 | Elf:1    | Reached skill level 9 in Hexes
 49135 | Elf:1    | Learned a level 7 spell: Spellforged Servitor
 49142 | Elf:1    | Acquired 344 gold pieces
 49601 | Elf:2    | Reached skill level 1 in Summonings
 49733 | Elf:2    | Reached skill level 2 in Summonings
 50007 | Elf:2    | Found Gumeurph's CLEARANCE SALE!.
 50010 | Elf:2    | Received a gift from Sif Muna
 50011 | Elf:2    | Reached skill level 3 in Summonings
 50034 | Elf:2    | Bought a wand of mindburst (3) for 21 gold pieces
 50034 | Elf:2    | Bought a potion of resistance for 50 gold pieces
 50274 | Elf:2    | Reached skill level 4 in Summonings
 50438 | Elf:2    | Found a runed translucent gate.
 50438 | Elf:2    | Found a runed translucent gate.
 50438 | Elf:2    | Found a runed translucent gate.
 50439 | Elf:2    | Noticed Doblui's ghost (adept MiFi)
 50547 | Elf:2    | Reached skill level 5 in Summonings
 50790 | Elf:2    | Reached skill level 6 in Summonings
 51049 | Elf:2    | Found a runed translucent gate.
 51050 | Elf:2    | Found a runed translucent gate.
 51050 | Elf:2    | Found a runed translucent gate.
 51099 | Elf:3    | Entered Level 3 of the Elven Halls
 51196 | Elf:3    | Found a runed translucent door.
 51199 | Elf:3    | Noticed becking's ghost (veteran MiFi)
 51478 | Elf:3    | Noticed Bai Suzhen
 51498 | Elf:3    | Killed Bai Suzhen
 51499 | Elf:3    | Reached skill level 7 in Summonings
 51758 | Elf:3    | Got the Notes on Tinctures
 51760 | Elf:3    | Got Geomp's Omnibus of the Alembic
 51928 | Elf:3    | Reached XP level 20. HP: 112/150 MP: 24/39
 52118 | Elf:3    | Reached skill level 8 in Summonings
 52292 | Elf:3    | Received a gift from Sif Muna
 52293 | Elf:3    | Got Sif Muna's Book of the Cucurbite and Geology {god gift}
 52433 | Elf:3    | Reached skill level 9 in Summonings
 52865 | Elf:3    | Reached skill level 10 in Summonings
 53169 | Elf:3    | Identified the ring of the Okapi {MP+9 AC+4}
 53424 | Elf:3    | Identified the +9 trident of the Endless Planets {venom,
                  | Will+ Str-4 Stlth+}
 53570 | Elf:3    | Identified the amulet "Kanoh" {RegenMP rN+++ Dex-3}
 53647 | Elf:3    | Identified the +0 robe "Ymuvorovu" {rElec SInv}
 53777 | Elf:3    | Identified the +1 broad axe "Cecuprom" {freeze, Str+2}
 53780 | Elf:3    | Reached skill level 11 in Summonings
 53928 | Elf:3    | Identified the +1 pair of boots "Ivvamup" {Will+}
 54492 | Vaults:1 | Entered Level 1 of the Vaults
 54863 | Vaults:1 | Reached skill level 12 in Summonings
 55223 | Vaults:1 | Learned a level 5 spell: Lee's Rapid Deconstruction
 55499 | Vaults:1 | Identified the +0 scale mail "Zear Ryu" {Fly rC+++ Str-4
                  | Int+3}
 55596 | Vaults:1 | Reached skill level 13 in Summonings
 56285 | Vaults:1 | Received a gift from Sif Muna
 56299 | Vaults:1 | Reached skill level 14 in Summonings
 56539 | Vaults:1 | Reached XP level 21. HP: 156/156 MP: 32/40
 57322 | Vaults:2 | Reached skill level 15 in Summonings
 58707 | Vaults:2 | Reached skill level 11 in Earth Magic
 58854 | Vaults:2 | Received a gift from Sif Muna
 58855 | Vaults:2 | Got Sif Muna's Secrets of Cooperative Despair {god gift}
 59383 | Vaults:2 | Reached skill level 12 in Earth Magic
 60435 | Vaults:2 | Reached skill level 13 in Earth Magic
 61155 | Vaults:2 | Found Qyabu's Distillery.
 61161 | Vaults:2 | Bought a potion of heal wounds for 110 gold pieces
 61161 | Vaults:2 | Bought a potion of heal wounds for 110 gold pieces
 62327 | Vaults:3 | Found a staircase to the Crypt.
 62511 | Vaults:3 | Reached skill level 14 in Earth Magic
 62619 | Vaults:3 | Received a gift from Sif Muna
 62643 | Vaults:3 | Reached XP level 22. HP: 149/163 MP: 19/41
 62878 | Vaults:3 | Found a transporter.
 62878 | Vaults:3 | Found a transporter.
 62880 | Vaults:3 | Noticed mantisjm's ghost (veteran HOFi)
 62881 | Vaults:3 | Found a bloodstained altar of Trog.
 63694 | Vaults:3 | Reached skill level 15 in Earth Magic
 65180 | Vaults:3 | Reached skill level 16 in Earth Magic
 65594 | Vaults:4 | Noticed Boris
 65599 | Vaults:4 | Killed Boris
 65728 | Vaults:4 | Received a gift from Sif Muna
 65730 | Vaults:4 | Got Sif Muna's Parchment of Pessimism {god gift}
 66370 | Vaults:4 | Reached skill level 17 in Earth Magic
 66626 | Vaults:4 | Reached skill level 16 in Summonings
 67675 | Vaults:4 | Reached skill level 10 in Dodging
 68330 | Depths:1 | Entered Level 1 of the Depths
 68636 | D:15     | Learned a level 8 spell: Lehudib's Crystal Spear
 68638 | Depths:1 | Noticed a juggernaut
 68649 | Depths:1 | Killed a juggernaut
 69242 | Depths:1 | Found a one-way gate to the infinite horrors of the Abyss.
 69281 | Depths:1 | Reached XP level 23. HP: 169/169 MP: 8/42
 69531 | Depths:1 | Noticed a golden dragon
 69535 | Depths:1 | Killed a golden dragon
 69772 | Depths:1 | Reached skill level 18 in Conjurations
 70505 | Depths:1 | Found a gateway to Hell.
 70550 | Depths:1 | Found a one-way gateway to a ziggurat.
 70729 | Depths:2 | Found a one-way gate leading to the halls of Pandemonium.
 71125 | Depths:2 | Acquired 560 gold pieces
 71169 | Depths:2 | Identified the +6 quarterstaff of Okawaru, Shifting {speed,
                  | rC++ rCorr Dex+4}
 71171 | Depths:2 | Received a gift from Sif Muna
 71184 | Depths:2 | Reached skill level 19 in Conjurations
 72337 | Depths:2 | Found Raonugu's Antique Armour Emporium.
 72628 | Depths:2 | Reached skill level 18 in Earth Magic
 72813 | Depths:2 | Identified the +0 pair of boots of Spring {Dex+8}
 73211 | Depths:3 | Identified the +4 hand axe of Anger {flame, *Noise Will-
                  | Str+3 Int+3}
 73226 | Depths:3 | Received a gift from Sif Muna
 73285 | Depths:3 | Found a corrupted altar of Lugonu.
 74066 | Depths:3 | Identified the ring of Ryro {EV+5 Str+2 Stlth+}
 74323 | Depths:3 | Reached skill level 16 in Spellcasting
 75174 | Depths:3 | Reached XP level 24. HP: 175/175 MP: 34/43
 75566 | Depths:3 | Received a gift from Sif Muna
 75705 | Depths:4 | Entered Level 4 of the Depths
 75710 | Depths:4 | Reached skill level 17 in Spellcasting
 76954 | Depths:4 | Reached skill level 19 in Earth Magic
 77027 | Depths:4 | Found a gate to the Realm of Zot.
 77563 | Depths:4 | Voluntarily entered the Abyss.
 77569 | Abyss:1  | Found a corrupted altar of Lugonu.
 77748 | Abyss:2  | Received a gift from Sif Muna
 78192 | Abyss:2  | Found a corrupted altar of Lugonu.
 78192 | Abyss:2  | Found a corrupted altar of Lugonu.
 78192 | Abyss:2  | Found a corrupted altar of Lugonu.
 78205 | Abyss:2  | Found a corrupted altar of Lugonu.
 78210 | Abyss:2  | Found a corrupted altar of Lugonu.
 78246 | Abyss:2  | Reached skill level 20 in Earth Magic
 78253 | Abyss:3  | Found a transporter.
 78263 | Abyss:3  | Found a corrupted altar of Lugonu.
 78377 | Depths:4 | You pass through the gate.
 78377 | Depths:4 | Escaped the Abyss
 78554 | Depths:4 | Voluntarily entered the Abyss.
 78778 | Abyss:3  | Noticed a dread lich
 78781 | Abyss:3  | Killed a dread lich
 78784 | Abyss:3  | Received a gift from Sif Muna
 78786 | Abyss:3  | Got Sif Muna's Annotations on Rot and the Ouroboros {god
                  | gift}
 78871 | Abyss:3  | Noticed an ancient lich
 78875 | Abyss:3  | Killed an ancient lich
 78887 | Abyss:3  | Found a corrupted altar of Lugonu.
 78943 | Abyss:3  | Reached skill level 21 in Earth Magic
 78988 | Abyss:4  | Noticed an ancient lich
 78990 | Abyss:4  | Killed an ancient lich
 78993 | Abyss:4  | Found a corrupted altar of Lugonu.
 79018 | Abyss:4  | Reached XP level 25. HP: 181/181 MP: 28/44
 79117 | Abyss:4  | Received a gift from Sif Muna
 79215 | Abyss:4  | Reached skill level 22 in Earth Magic
 79521 | Abyss:5  | Found a glowing golden altar of the Shining One.
 79539 | Abyss:5  | Received a gift from Sif Muna
 79551 | Abyss:5  | Got Sif Muna's Compendium of Shifting Nightshade {god gift}
 79566 | Abyss:5  | Noticed a juggernaut
 79570 | Abyss:5  | Killed a juggernaut
 79584 | Abyss:5  | Got an abyssal rune of Zot
 79592 | Abyss:5  | Reached skill level 23 in Earth Magic
 79698 | Abyss:5  | Found a glowing golden altar of the Shining One.
 79805 | Depths:4 | You pass through the gate.
 79805 | Depths:4 | Escaped the Abyss
 79895 | Depths:4 | Learned a level 4 spell: Passage of Golubria
 79930 | Zot:1    | Entered Level 1 of the Realm of Zot
 80291 | D:4      | Killed pigah's ghost
 80881 | Zot:1    | Noticed a curse toe
 80883 | Zot:1    | Killed a curse toe
 80935 | Zot:1    | Identified the +0 cloak of the Oni {rPois rN+ Str+5}
 81224 | Zot:1    | Acquired 711 gold pieces
 81390 | Zot:1    | Noticed an electric golem
 81395 | Zot:1    | Killed an electric golem
 81494 | Zot:1    | Identified the +6 long sword of Roceg {elec, rC- Int+5}
 81909 | Zot:1    | Reached skill level 24 in Earth Magic
 81925 | Zot:1    | Received a gift from Sif Muna
 82878 | Zot:1    | Reached XP level 26. HP: 93/188 MP: 17/44
 83637 | Zot:2    | Noticed an electric golem
 83663 | Zot:2    | Killed an electric golem
 84114 | Zot:2    | Noticed an electric golem
 84117 | Zot:2    | Killed an electric golem
 84280 | Zot:2    | Learned a level 9 spell: Shatter
 84602 | Zot:2    | Received a gift from Sif Muna
 84603 | Zot:2    | Got Sif Muna's Omnibus of Enchanted Open Graves {god gift}
 84623 | Zot:2    | Reached skill level 18 in Spellcasting
 86477 | Zot:3    | Reached skill level 19 in Spellcasting
 86676 | Zot:3    | Found a transporter.
 87087 | Zot:4    | Identified the +0 ring mail of the Catfish {^Contam Harm
                  | rN+ Will+}
 87336 | Zot:4    | Reached skill level 25 in Earth Magic
 87532 | Zot:4    | Received a gift from Sif Muna
 87533 | Zot:4    | Got Sif Muna's Meditations on the Impact and the Tundra
                  | {god gift}
 88196 | Zot:5    | Entered Level 5 of the Realm of Zot
 88346 | Zot:5    | Found Icwuwof's Changing Room.
 88922 | Elf:1    | Bought a potion of haste for 100 gold pieces
 88922 | Elf:1    | Bought a potion of heal wounds for 50 gold pieces
 88922 | Elf:1    | Bought a potion of magic for 80 gold pieces
 88922 | Elf:1    | Bought a potion of invisibility for 80 gold pieces
 89172 | Vaults:2 | Bought a potion of brilliance for 88 gold pieces
 89172 | Vaults:2 | Bought a potion of brilliance for 88 gold pieces
 89172 | Vaults:2 | Bought a potion of brilliance for 88 gold pieces
 89464 | D:4      | Bought 2 potions of heal wounds for 140 gold pieces
 90145 | Zot:5    | Noticed an orb of fire
 90149 | Zot:5    | Killed an orb of fire
 90419 | Zot:5    | Noticed an orb of fire
 90421 | Zot:5    | Gained mutation: You have sharp toenails. [an orb of fire]
 90423 | Zot:5    | Killed an orb of fire
 90501 | Zot:5    | Noticed an orb of fire
 90508 | Zot:5    | Killed an orb of fire
 90568 | Zot:5    | Noticed an ancient lich
 90693 | Zot:5    | Killed an ancient lich
 90694 | Zot:5    | Reached skill level 26 in Earth Magic
 90698 | Zot:5    | Noticed an orb of fire
 90698 | Zot:5    | Gained mutation: You are clumsy. (Dex -2) [an orb of fire]
 90699 | Zot:5    | Gained mutation: You are dopey. (Int -2) [an orb of fire]
 90700 | Zot:5    | Killed an orb of fire
 90817 | Zot:5    | Reached XP level 27. HP: 194/194 MP: 33/46
 90859 | Zot:5    | Noticed a dread lich
 90868 | Zot:5    | Killed a dread lich
 91123 | Zot:5    | Noticed an ancient lich
 91145 | Zot:5    | Killed an ancient lich
 91146 | Zot:5    | Identified the +8 dagger "Giantbane" {freeze, rF+}
 91357 | Zot:5    | Noticed an orb of fire
 91361 | Zot:5    | Killed an orb of fire
 91416 | Zot:5    | Noticed an ancient lich
 91420 | Zot:5    | Killed an ancient lich
 91675 | Zot:5    | Noticed an electric golem
 91681 | Zot:5    | Killed an electric golem
 91717 | Zot:5    | Reached skill level 27 in Earth Magic
 91934 | Zot:5    | Noticed an orb of fire
 91943 | Zot:5    | Killed an orb of fire
 92205 | Zot:5    | Noticed a dread lich
 92212 | Zot:5    | Killed a dread lich
 92229 | Zot:5    | Reached skill level 12 in Fighting
 92232 | Zot:5    | Got the Orb of Zot
 92511 | Depths:1 | Noticed Mepyoq the pandemonium lord
 92589 | D:14     | Noticed Gukliysm the pandemonium lord
 92784 | D:$      | Escaped with the Orb!

Vanquished Creatures
  2 dread liches
  3 ancient liches
  4 orbs of fire (Zot:5)
  2 juggernauts
  2 Killer Klowns (Zot:5)
  Bai Suzhen (Elf:3)
  A curse toe (Zot:1)
  4 golden dragons
  Nikola (Shoals:2)
  A bone dragon (Abyss:5)
  4 electric golems
  9 tentacled monstrosities
  A Hell Sentinel (D:7)
  14 Orb Guardians
  5 deep elf blademasters
  4 quicksilver dragons
  3 liches (Abyss:5)
  2 krakens
  6 sphinxes
  3 deep elf master archers (Elf:3)
  2 Executioners
  A shadow dragon (Zot:2)
  12 tentacled starspawn
  8 death cobs
  A tengu reaver (Depths:3)
  Roxanne (D:14)
  7 storm dragons
  Donald (Shoals:2)
  2 iron dragons
  A draconian monk (Zot:2)
  9 fire giants
  5 frost giants
  6 draconian knights
  4 draconian shifters (Zot:2)
  7 deep elf sorcerers
  2 balrugs
  4 draconian scorchers
  4 vault wardens
  6 emperor scorpions
  Louise (Elf:1)
  2 draconian stormcallers (Zot:1)
  5 deep elf elementalists
  6 ghost moths
  2 formless jellyfish (Shoals:4)
  3 orc warlords
  16 ironbound preservers
  An angel (Abyss:5)
  A reaper (IceCv)
  An ophan (Abyss:5)
  4 ironbound thunderhulks
  13 stone giants
  8 draconian annihilators
  4 vampire knights
  4 deep elf death magi
  Nessos (D:14)
  5 very ugly things
  5 dire elephants
  3 deep elf demonologists
  8 black draconians
  8 green draconians
  6 deep elf annihilators (Elf:3)
  2 lorocyprocas
  3 war gargoyles
  6 white draconians
  9 purple draconians
  4 red draconians
  Azrael (Orc:2)
  6 spark wasps
  6 yellow draconians
  A blizzard demon (Abyss:2)
  2 crystal guardians
  5 merfolk javelineers (Shoals:4)
  6 merfolk impalers
  7 ettins
  Snorg (D:14)
  8 fire dragons
  Josephine (D:10)
  3 yaktaur captains
  3 deep elf high priests
  6 entropy weavers
  9 great orbs of eyes
  Fannar (D:12)
  A hell beast (D:10)
  12 ice dragons
  A sphinx zombie (Vaults:1)
  Harold (Orc:1)
  2 spriggan air magi
  14 vault guards
  9 hydras
  5 rakshasas
  A juggernaut simulacrum (Abyss:5)
  2 catoblepae
  5 peacekeepers
  7 ironbound frosthearts
  7 merfolk avatars
  6 boulder beetles
  3 merfolk aquamancers
  3 jorogumos
  13 centaur warriors
  5 radroaches
  11 two-headed ogres
  3 ogre magi
  6 nameless horrors
  6 death yaks (Lair:5)
  2 satyrs
  18 dancing weapons
  4 deep troll shamans
  10 demonic crawlers
  8 thrashing horrors
  A deep troll earth mage (Depths:3)
  7 tengu warriors
  A hell hog (Abyss:5)
  3 spriggan berserkers
  3 spriggans
  A sun demon (Depths:3)
  15 deep elf knights
  An iron troll (Depths:3)
  11 hell knights
  A spatial maelstrom (Abyss:5)
  5 pharaoh ants
  6 skeletal warriors
  Lodul (D:10)
  5 wretched stars
  8 sea snakes
  8 skysharks
  A sixfirhy (Abyss:5)
  2 glowing orange brains
  31 deep trolls
  An elf zombie (Vaults:3)
  A steelbarb worm (shapeshifter) (Vaults:1)
  3 lindwurms (Vaults:1)
  A sun moth (Spider:2)
  3 necromancers
  6 arcanists
  9 ironbound convokers
  8 orb spiders
  7 steelbarb worms
  13 large abominations
  19 deep elf zephyrmancers
  21 harpies
  A frost giant zombie (Vaults:1)
  A tengu skeleton (Vaults:1)
  24 deep elf pyromancers
  11 deep elf archers
  16 wolf spiders
  4 orc sorcerers
  5 cyclopes
  15 manticores
  9 orc knights
  Maurice (D:7)
  15 ugly things
  A worldbinder (Abyss:2)
  4 black mambas
  16 meliai
  3 merfolk sirens
  21 moths of wrath
  3 ice statues
  5 smoke demons
  6 kobold blastminers (Orc:2)
  5 elephants (Lair:5)
  3 water nymphs
  7 vault sentinels
  Joseph (Lair:1)
  A guardian serpent (Abyss:4)
  9 torpor snails
  A black mamba (shapeshifter) (Elf:3)
  2 cane toads (shapeshifter) (Elf:3)
  2 orange demons (Abyss:2)
  7 unseen horrors
  14 cane toads
  A gargoyle (D:10)
  Jeremiah (D:8)
  A hellion (Abyss:2)
  26 yaktaurs
  Maggie (D:8)
  A freezing wraith (Vaults:2)
  A yaktaur (shapeshifter) (Elf:1)
  A tormentor (Depths:4)
  7 ice devils
  4 rime drakes
  3 tengu conjurers
  2 efreet
  A kobold demonologist (D:11)
  16 komodo dragons
  An anaconda simulacrum (IceCv)
  7 ancient zymes
  A troll (shapeshifter) (Elf:3)
  7 trolls
  5 wind drakes
  A yaktaur skeleton (Vaults:3)
  5 polar bears
  4 hornets
  18 blink frogs
  25 merfolk
  A harpy skeleton (Abyss:3)
  31 tarantellas
  An ettin zombie (Vaults:3)
  13 snapping turtles
  2 glass eyes (Depths:2)
  2 raiju (shapeshifter) (Elf:3)
  10 dream sheep
  14 raiju
  15 slime creatures
  A dream sheep (shapeshifter) (Elf:3)
  24 jumping spiders
  5 vampires
  4 air elementals
  57 yaks
  22 culicivoras
  3 dire elephant simulacra (IceCv)
  A spriggan (shapeshifter) (Elf:3)
  10 wraiths
  4 wyverns
  3 ynoxinuls
  A shadow (D:12)
  17 water elementals
  4 basilisks
  6 golden eyes
  36 starcursed masses
  5 fire elementals (Orc:2)
  2 steam dragons (Lair:5)
  2 wargs
  Grum (D:8)
  A neqoxec (Abyss:5)
  An elf skeleton (Vaults:1)
  52 redbacks
  8 vampire mosquitoes
  5 chaos spawn
  A harpy simulacrum (IceCv)
  A spatial vortex (Abyss:5)
  2 acid dragons
  15 water moccasins
  5 hell hounds
  4 black bears
  40 orc warriors
  A sky beast (D:7)
  9 laughing skulls
  11 ogres
  26 wolves
  3 boggarts (Vaults:3)
  11 centaurs
  A phantom (D:7)
  A kobold brigand (D:7)
  A brain worm (Abyss:2)
  15 bullfrogs
  A human skeleton (Vaults:1)
  3 scorpions
  9 small abominations
  5 earth elementals
  4 two-headed ogre simulacra (IceCv)
  5 wights (D:6)
  An elephant simulacrum (IceCv)
  3 killer bees (D:8)
  An electric eel (D:12)
  A bombardier beetle (D:6)
  The ghost of pigah the Changeling, a weakling OpSh (D:4)
  4 crimson imps (D:10)
  7 hounds
  8 orc priests
  3 sleepcaps
  2 iguanas
  15 orc wizards
  Natasha (thrice) (D:2)
  2 troll simulacra (IceCv)
  Terence (D:2)
  2 spriggan simulacra (IceCv)
  3 wolf simulacra (IceCv)
  8 mummies (Ossuary)
  Robin (D:1)
  6 adders
  7 gnolls
  A naga simulacrum (IceCv)
  A shadow imp (D:4)
  A white imp (IceCv)
  3 ufetubi
  4 dart slugs
  A ribbon worm (D:2)
  56 orcs
  7 ball pythons
  6 endoplasms
  3 giant cockroaches
  15 goblins
  7 hobgoblins
  4 jackals
  9 kobolds
  6 quokkas
  4 bats
  3 frilled lizards
  2 hobgoblin zombies (Ossuary)
  5 kobold zombies (Ossuary)
  An orc zombie (Ossuary)
  3 rats (D:3)
  A fulminant prism (Orc:1)
  A lurking horror (Abyss:3)
  8 starspawn tentacles
  3 tentacles
1845 creatures vanquished.

Vanquished Creatures (collateral kills)
  A dread lich (Zot:5)
  2 orbs of fire (Zot:5)
  2 ancient liches
  Boris (Vaults:4)
  A golden dragon (Zot:4)
  3 bone dragons
  A hellephant (Abyss:4)
  2 tentacled monstrosities
  11 Orb Guardians
  2 liches
  4 quicksilver dragons
  6 tentacled starspawn
  2 tengu reavers
  2 death cobs (Zot:5)
  3 storm dragons
  2 shadow dragons
  4 draconian knights
  4 fire giants
  5 frost giants
  3 draconian monks
  An iron dragon (Depths:3)
  A deep elf sorcerer (Abyss:4)
  3 draconian shifters
  2 draconian scorchers
  8 vault wardens
  A balrug (Depths:4)
  A cacodemon (Abyss:5)
  A spriggan defender (Depths:3)
  4 draconian annihilators
  2 draconian stormcallers
  3 very ugly things
  2 ophanim
  7 ironbound preservers
  8 stone giants
  4 ironbound thunderhulks
  5 green draconians
  5 black draconians
  5 purple draconians
  6 red draconians
  8 dire elephants
  4 spark wasps (Depths:4)
  7 white draconians
  A war gargoyle (Vaults:1)
  A yellow draconian (Zot:2)
  2 green deaths
  A yaktaur captain (Vaults:2)
  3 ettins
  2 deep elf high priests
  5 fire dragons
  6 ice dragons
  3 vault guards
  2 great orbs of eyes (Vaults:2)
  2 rakshasas
  A spriggan air mage (Depths:4)
  4 ironbound frosthearts
  A spriggan skeleton (Abyss:4)
  2 centaur warriors
  A death knight (Abyss:4)
  A dancing weapon (Abyss:5)
  2 tengu warriors
  5 deep troll shamans
  4 deep troll earth magi
  4 hell hogs
  3 thrashing horrors (Abyss:4)
  An occultist (Depths:3)
  4 spriggan berserkers
  8 hell knights
  A sun demon (Abyss:3)
  A deep elf knight (Elf:3)
  5 iron trolls
  A bunyip zombie (Abyss:2)
  4 wretched stars
  34 deep trolls
  2 cherubim (Abyss:5)
  A flayed ghost (Depths:1)
  A death drake (shapeshifter) (Vaults:2)
  3 lindwurms (Vaults:1)
  5 large abominations
  3 arcanists
  6 ironbound convokers
  5 necromancers
  A faun (shapeshifter) (Depths:2)
  14 ugly things
  A shining eye (shapeshifter) (Abyss:5)
  9 moths of wrath
  A wolf spider (shapeshifter) (Vaults:3)
  6 vault sentinels
  An apocalypse crab (Abyss:3)
  2 smoke demons
  An orange demon (Abyss:5)
  14 yaktaurs
  A human zombie (Vaults:1)
  3 human skeletons
  A tormentor (Abyss:4)
  2 ancient zymes (Abyss:2)
  5 blink frogs
  3 raiju
  A spriggan (Depths:3)
  A golden eye (Abyss:5)
  13 starcursed masses
  2 neqoxecs
  A naga (Abyss:4)
  A hell hound (Abyss:4)
  An ice beast (shapeshifter) (Abyss:5)
  7 laughing skulls
  2 small abominations
  A quasit (Abyss:4)
  2 ufetubi (Abyss:2)
  6 starspawn tentacles
393 creatures vanquished.

Vanquished Creatures (others)
  A yaktaur captain (Vaults:2)
  An ogre mage (Abyss:4)
  A necromancer (Depths:1)
  3 deep elf archers (Elf:2)
  A deep elf zephyrmancer (Elf:2)
  An air elemental (Elf:2)
  2 fire bats (Abyss:4)
  3 chaos spawn (Abyss:4)
  A small abomination (Abyss:4)
  532 fulminant prisms
  22 starspawn tentacles
  16 tentacles
584 creatures vanquished.

Grand Total: 2822 creatures vanquished

Table legend: (Time is in decaauts)
 A = Elapsed time spent in this place.
 B = Non-inter-level travel time spent in this place.
 C = Inter-level travel time spent in this place.
 D = Time resting spent in this place.
 E = Time spent auto-exploring this place.
 F = Levels seen in this place.
 G = Mean time per level.
                   A        B        C        D        E       F      G
               +--------+--------+--------+--------+--------+-----+--------+
         Total |  93276 |  86319 |   6957 |  23087 |  48114 |  56 | 1665.6 |
       Dungeon |  21290 |  17567 |   3723 |   3824 |  11259 |  15 | 1419.3 |
        Temple |     24 |     12 |     12 |      0 |      0 |   1 |   24.0 |
          Lair |   8088 |   7530 |    558 |   1545 |   4719 |   5 | 1617.6 |
        Shoals |   7291 |   7081 |    210 |   2593 |   3363 |   4 | 1822.8 |
   Spider Nest |   8651 |   8449 |    202 |   1858 |   5324 |   4 | 2162.8 |
  Orcish Mines |   2372 |   2157 |    215 |   1105 |    710 |   2 | 1186.0 |
   Elven Halls |   7254 |   6971 |    283 |   2295 |   3481 |   3 | 2418.0 |
        Vaults |  13959 |  13419 |    540 |   2743 |   8348 |   4 | 3489.8 |
        Depths |  10265 |   9561 |    704 |   2476 |   5430 |   4 | 2566.2 |
           Zot |  10296 |   9788 |    508 |   3982 |   4060 |   5 | 2059.2 |
         Abyss |   2063 |   2063 |      0 |    213 |    677 |   6 |  343.8 |
        Bazaar |    146 |    146 |      0 |      0 |     60 |   1 |  146.0 |
       Ossuary |    597 |    597 |      0 |     69 |    401 |   1 |  597.0 |
      Ice Cave |    973 |    973 |      0 |    383 |    281 |   1 |  973.0 |
               +--------+--------+--------+--------+--------+-----+--------+

Top non-repeatable levels by time:
Vaults:2: 4342 daAuts
Vaults:3: 3989 daAuts
Vaults:1: 3026 daAuts
   Zot:5: 2815 daAuts
Depths:3: 2807 daAuts
Depths:1: 2756 daAuts
   Elf:3: 2681 daAuts
Vaults:4: 2600 daAuts
   Zot:1: 2553 daAuts
Shoals:4: 2506 daAuts
Depths:4: 2484 daAuts
Spider:1: 2376 daAuts
   Zot:2: 2337 daAuts
   Elf:2: 2317 daAuts
   Elf:1: 2255 daAuts

Table legend:
 A = Non-vault XP
 B = Vault XP
 C = Vault XP percentage of total XP
 D = Non-vault monster count
 E = Vault monster count
 F = Vault count percentage of total count
                 A         B        C        D         E       F
            +---------+---------+-------+---------+---------+-------
      Total |  907108 |  441148 |  32.7 |    1636 |     568 |  25.8
            +---------+---------+-------+---------+---------+-------
        D:1 |      44 |      17 |  27.9 |      22 |       2 |   8.3
        D:2 |     202 |      89 |  30.6 |      20 |      13 |  39.4
        D:3 |     164 |       0 |   0.0 |      18 |       0 |   0.0
        D:4 |     421 |     102 |  19.5 |      25 |       3 |  10.7
        D:5 |     232 |       0 |   0.0 |       4 |       0 |   0.0
        D:6 |    1062 |       0 |   0.0 |      17 |       0 |   0.0
        D:7 |     800 |     538 |  40.2 |      20 |       1 |   4.8
        D:8 |     529 |    1400 |  72.6 |      11 |       7 |  38.9
        D:9 |    2020 |     362 |  15.2 |      15 |       3 |  16.7
       D:10 |    2278 |    3411 |  60.0 |      13 |      16 |  55.2
       D:11 |    2847 |       0 |   0.0 |       5 |       0 |   0.0
       D:12 |   11040 |    1735 |  13.6 |      34 |       3 |   8.1
       D:13 |    8189 |    6941 |  45.9 |      17 |       8 |  32.0
       D:14 |   12423 |    3307 |  21.0 |      24 |       3 |  11.1
       D:15 |   14210 |    2704 |  16.0 |      27 |       3 |  10.0
     Lair:1 |    8975 |     445 |   4.7 |      37 |       1 |   2.6
     Lair:2 |    6400 |     360 |   5.3 |      20 |       2 |   9.1
     Lair:3 |    5711 |    3480 |  37.9 |      25 |      18 |  41.9
     Lair:4 |    5715 |       0 |   0.0 |      21 |       0 |   0.0
     Lair:5 |   21705 |    8160 |  27.3 |      62 |      21 |  25.3
   Shoals:1 |    4116 |     461 |  10.1 |      13 |       1 |   7.1
   Shoals:2 |   18757 |    3772 |  16.7 |      35 |       2 |   5.4
   Shoals:3 |   14100 |       0 |   0.0 |      28 |       0 |   0.0
   Shoals:4 |    6707 |   21355 |  76.1 |      14 |      31 |  68.9
   Spider:1 |   18292 |       0 |   0.0 |      49 |       0 |   0.0
   Spider:2 |   29522 |       0 |   0.0 |      69 |       0 |   0.0
   Spider:3 |   19843 |       0 |   0.0 |      44 |       0 |   0.0
   Spider:4 |   13603 |   18111 |  57.1 |      29 |      34 |  54.0
      Orc:1 |    2248 |     868 |  27.9 |      21 |       1 |   4.5
      Orc:2 |    5137 |    9046 |  63.8 |      33 |      50 |  60.2
      Elf:1 |   17071 |    8672 |  33.7 |      29 |      10 |  25.6
      Elf:2 |   26649 |    5125 |  16.1 |      43 |       6 |  12.2
      Elf:3 |   10007 |   42168 |  80.8 |      16 |      40 |  71.4
   Vaults:1 |   43535 |   21494 |  33.1 |      59 |      26 |  30.6
   Vaults:2 |   43104 |   28469 |  39.8 |      64 |      34 |  34.7
   Vaults:3 |   29091 |   30688 |  51.3 |      45 |      37 |  45.1
   Vaults:4 |   37973 |   10889 |  22.3 |      49 |      10 |  16.9
   Depths:1 |   32713 |   17049 |  34.3 |      40 |      12 |  23.1
   Depths:2 |   21742 |   24603 |  53.1 |      27 |      26 |  49.1
   Depths:3 |   40027 |   20813 |  34.2 |      50 |      20 |  28.6
   Depths:4 |   28089 |   18348 |  39.5 |      28 |      17 |  37.8
      Zot:1 |   66389 |       0 |   0.0 |      57 |       0 |   0.0
      Zot:2 |   46929 |       0 |   0.0 |      40 |       0 |   0.0
      Zot:3 |   29248 |     938 |   3.1 |      25 |       2 |   7.4
      Zot:4 |   22740 |       0 |   0.0 |      21 |       0 |   0.0
      Zot:5 |   40670 |   94489 |  69.9 |      32 |      35 |  52.2
    Abyss:2 |   22005 |       0 |   0.0 |      60 |       0 |   0.0
    Abyss:3 |   31747 |    9912 |  23.8 |      55 |      13 |  19.1
    Abyss:4 |   34678 |    1959 |   5.3 |      46 |       1 |   2.1
    Abyss:5 |   45409 |   12885 |  22.1 |      78 |      10 |  11.4
    Ossuary |       0 |     150 | 100.0 |       0 |      16 | 100.0
      IceCv |       0 |    5833 | 100.0 |       0 |      30 | 100.0
            +---------+---------+-------+---------+---------+-------
